 Dungeon Crawl Stone Soup version 0.31-a0-600-g62dffe198b (webtiles) character file.

Game seed: 8736535421171550280

54505 Essalna the Fighter (level 14, -3/96 HPs)
             Began as a Gargoyle Fire Elementalist on Aug 21, 2023.
             Was a High Priest of Vehumet.
             Slain by an azure jelly (15 damage)
             ... on level 5 of the Lair of Beasts.
             The game lasted 01:04:03 (26476 turns).

Essalna the Fighter (Gargoyle Fire Elementalist)   Turns: 26476, Time: 01:04:04

Health: -3/96      AC: 22    Str: 12    XL:     14   Next: 73%
Magic:  11/20      EV: 23    Int: 21    God:    Vehumet [*****.]
Gold:   1226       SH:  6    Dex: 10    Spells: 9/21 levels left

rFire   . . .        g - +2 dagger (flame)
rCold   . . .        S - +2 buckler
rNeg    + . .        N - +0 troll leather armour
rPois   ∞            (no helmet)
rElec   +            R - +1 cloak {Stlth+}
rCorr   .            I - +2 pair of gloves of the Nexus {Will+}
SInv    .            c - +1 pair of boots
Will    ++...        m - amulet of regeneration
Stlth   +++          t - +5 ring of evasion
HPRegen 1.96/turn    z - +5 ring of evasion
MPRegen 0.17/turn

%: no passive effects
@: flying
A: sickness immunity, AC +10, big wings, negative energy resistance 1,
electricity resistance, torment resistance 1, petrification resistance
a: Renounce Religion


You were on level 5 of the Lair of Beasts.
You worshipped Vehumet.
Vehumet was extremely pleased with you.
You visited 4 branches of the dungeon, and saw 18 of its levels.
You also visited: Bailey.

You collected 1463 gold pieces.
You spent 237 gold pieces at shops.

Inventory:

Hand Weapons
 g - a +2 dagger of flaming (weapon)
 P - a +0 dagger of venom
Missiles
 L - a throwing net
Armour
 a - a +0 robe
 c - a +1 pair of boots (worn)
 q - the +5 scale mail of the Iron City of Dis {Rampage Int+2}
   (You found it on level 3 of the Dungeon)

   Int+2:     It affects your intelligence (+2).
   Rampage:   It bestows one free step when moving towards enemies.
 v - a +2 robe of willpower
 D - a +0 cloak
 G - the +1 pair of gloves of the Sky {Slay+2 Stlth+}
   (You found it in a bailey)

   Slay+2:    It affects your accuracy & damage with ranged weapons and melee
   (+2).
   Stlth+:    It makes you more stealthy.
 I - the +2 pair of gloves of the Nexus (worn) {Will+}
   (You bought it in a shop on level 8 of the Dungeon)

   Will+:     It increases your willpower.
 N - a +0 troll leather armour (worn)
 R - a +1 cloak of stealth (worn)
 S - a +2 buckler (worn)
Jewellery
 m - an amulet of regeneration (around neck)
 t - a +5 ring of evasion (left hand)
 z - a +5 ring of evasion (right hand)
 Q - an amulet of faith
 V - a ring of willpower
Wands
 b - a wand of mindburst (3)
 o - a wand of polymorph (13)
 s - a wand of roots (20)
 E - a wand of paralysis (1)
 J - a wand of digging (7)
 Y - a wand of flame (10)
Scrolls
 d - 11 scrolls of identify
 f - 2 scrolls of torment
 l - 2 scrolls of revelation
 n - 3 scrolls of enchant weapon
 w - 5 scrolls of poison
 y - 2 scrolls of blinking {unknown}
 A - 2 scrolls of immolation
 B - 2 scrolls of enchant armour
 C - 2 scrolls of vulnerability {unknown}
 F - a scroll of teleportation
 H - a scroll of fog {unknown}
 K - a scroll of brand weapon {unknown}
 U - a scroll of fear
 W - a scroll of amnesia
Potions
 e - 6 potions of curing
 h - 4 potions of berserk rage {unknown}
 i - 6 potions of mutation {unknown}
 j - 3 potions of brilliance {unknown}
 k - 2 potions of invisibility {unknown}
 p - 2 potions of heal wounds {unknown}
 r - a potion of attraction {unknown}
 u - 3 potions of cancellation {unknown}
 x - a potion of haste {unknown}
 M - a potion of degeneration {unknown}
 O - a potion of resistance {unknown}
 T - 2 potions of might {unknown}


   Skills:
 + Level 14.2 Fighting
 - Level 8.0 Armour
 + Level 7.1 Dodging
 - Level 4.0 Stealth
 - Level 4.0 Shields
 - Level 4.1 Spellcasting
 - Level 7.3 Conjurations
 + Level 9.3 Necromancy
 - Level 9.8 Fire Magic
 + Level 10.8 Earth Magic


You had 9 spell levels left.
You knew the following spells:

 Your Spells              Type           Power      Damage    Failure   Level
a - Foxfire               Conj/Fire      100%       2x1d9     1%          1
b - Scorch                Fire           90%        2d8       1%          2
c - Flame Wave            Conj/Fire      40%        2d11      1%          4
d - Borgnjor's Vile Clut  Necr/Erth      23%        N/A       9%          5

Your spell library contained the following spells:

 Spells                   Type           Power      Damage    Failure   Level
 Freezing Cloud           Conj/Ice/Air   7%         6-21      45%         5
 Inner Flame              Hex/Fire       24%        N/A       2%          3
 Volatile Blastmotes      Fire/Tloc      48%        2d14      2%          3
 Passwall                 Tmut/Erth      22%        N/A       3%          2
 Dispel Undead            Necr           43%        3d17      4%          4
 Fulminant Prism          Conj/Hex       9%         3d7       12%         4
 Iskenderun's Mystic Bla  Conj/Tloc      19%        2d6       12%         4
 Leda's Liquefaction      Hex/Erth       13%        N/A       22%         4
 Petrify                  Tmut/Erth      27%        N/A       22%         4
 Lesser Beckoning         Tloc           8%         N/A       30%         2
 Irradiate                Conj/Tmut      9%         3d14      30%         5
 Gell's Gravitas          Tloc           4%         N/A       52%         3
 Portal Projectile        Hex/Tloc       8%         N/A       52%         3
 Teleport Other           Tloc           4%         N/A       52%         3
 Tukima's Dance           Hex            4%         N/A       52%         3
 Death Channel            Necr           21%        N/A       56%         6
 Passage of Golubria      Tloc           4%         N/A       90%         4
 Silence                  Hex/Air        2%         N/A       99%         5
 Summon Forest            Summ/Tloc      2%         N/A       99%         5
 Summon Mana Viper        Hex/Summ       4%         N/A       99%         5
 Lehudib's Crystal Spear  Conj/Erth      21%        10d6      99%         8
 Summon Cactus Giant      Summ           2%         N/A       100%        6
 Shatter                  Erth           24%        3d21*     100%        9
 Sublimation of Blood     Necr           Unusable   N/A       N/A         2
 Cigotuvi's Dreadful Rot  Necr/Pois/Air  Unusable   N/A       N/A         2

Dungeon Overview and Level Annotations

Branches:
Dungeon (10/15)            Temple (1/1) D:7            Lair (5/5) D:10
 Shoals (0/4) Lair:3        Snake (0/4) Lair:2        Slime (0/5) Lair:4
    Orc (2/2) D:10            Elf (0/3) Orc:2        Bailey (visited)

Altars:
Ashenzari
Cheibriados
Dithmenos
Elyvilon
Fedhas
Gozag
Hepliaklqana
Kikubaaqudgha
Makhleb
Nemelex Xobeh
Okawaru
Qazlal
Ru
Sif Muna
Trog
Uskayaw
Vehumet
Wu Jian
Xom
Yredelemnul
Zin
The Shining One
Jiyva

Shops:
D:8 (([   Orc:2 !*!((

Annotations:
D:5 Iter's ghost, novice MiFi
D:9 2 transporters, MrShunz's ghost, novice MiBe
Lair:4 2 transporters, exclusion: oklob plant, Conn's ghost, journeyman OpFE
Lair:5 Nessos


Innate Abilities, Weirdness & Mutations

You are immune to sickness and miasma.
Your stone body is resilient. (AC +10)
You are immune to poison.
Your large and strong wings let you fly.
You resist negative energy. (rN+)
You are resistant to electric shocks. (rElec)
You are resistant to unholy torment.
You are immune to petrification.


Message History

The azure jelly is burned terribly!
The azure jelly is severely wounded. (Press . to intensify the flame waves.)
The jelly quivers.
You hear a shout!
You hear a loud, deep croak!
The water moccasin misses you. The azure jelly closely misses you.
The azure jelly completely misses you.
The azure jelly hits you but does no damage.
The azure jelly completely misses you. The water moccasin misses you.
The azure jelly hits you! The azure jelly freezes you!!
The azure jelly completely misses you.
The azure jelly hits you but does no damage. x2
A wave of flame ripples out!
The flame wave engulfs the water moccasin!
You kill the water moccasin!
Vehumet accepts your kill.
You feel your power returning.
The flame wave engulfs the azure jelly.
The azure jelly is burned terribly!
The azure jelly is severely wounded.
You hear an angry hiss.
You block the azure jelly's attack. The azure jelly hits you.
The azure jelly freezes you!!
* * * LOW HITPOINT WARNING * * *
You block the azure jelly's attack. The azure jelly completely misses you.
A catoblepas comes into view.
Casting: Flame Wave (mildly dangerous; 1% risk of failure)
Confirm with . or Enter, or press ? or * to list all spells.
Flames lash the azure jelly.
The azure jelly is burned terribly!
The azure jelly is almost dead.
The azure jelly's fire resistance burns away.
The blink frog blinks!
The azure jelly completely misses you. The azure jelly misses you.
The azure jelly barely misses you. x2
Casting: Scorch (safe; 1% risk of failure)
Confirm with . or Enter, or press ? or * to list all spells.
Flames lash the jelly.
The jelly is severely wounded.
The jelly's fire resistance burns away.
The azure jelly hits you.
* * * LOW HITPOINT WARNING * * *
The azure jelly freezes you!
You die...

..............#
.....P.........
........G...
......l. .
#.#..# .. #..##
#..P
#...##.....
#...†....YP
#.÷@.......
#..J...#..#
#..........
#...........
#.J.........
#........P#.
.##......... ..
.#..P.....


You could see an azure jelly (combustible), a catoblepas and a jelly
(combustible).

Vanquished Creatures
  2 azure jellies
  A quicksilver ooze (Lair:4)
  An ettin (Orc:2)
  Erolcha (D:9)
  2 hydras
  A catoblepas (Lair:4)
  3 two-headed ogres
  7 death yaks
  A boulder beetle (Lair:1)
  An orc high priest (Orc:2)
  An orc knight (Bailey)
  A lindwurm (Lair:5)
  7 orc sorcerers
  A cyclops (Orc:2)
  16 elephants
  Maurice (Orc:1)
  A manticore (Lair:3)
  3 black mambas
  A molten gargoyle (Lair:3)
  11 cane toads
  2 rime drakes
  8 komodo dragons
  3 polar bears
  2 hornets
  3 trolls (D:9)
  5 dream sheep
  18 blink frogs
  A wind drake (Lair:3)
  2 slime creatures (Lair:5)
  A shadow (D:10)
  6 wyverns
  2 basilisks
  An unseen horror simulacrum (D:8)
  19 yaks
  3 steam dragons
  A redback (Lair:5)
  2 acid dragons
  5 wargs
  15 water moccasins
  35 orc warriors
  Duvessa (D:6)
  5 ice beasts
  2 black bears
  5 ogres
  20 wolves
  3 centaurs
  A phantom (D:4)
  20 bullfrogs
  3 scorpions
  4 gnoll sergeants
  Dowan (D:6)
  4 killer bees (D:8)
  9 electric eels
  5 howler monkeys
  Crazy Yiuf (D:7)
  3 hounds
  10 jellies
  16 orc priests
  2 gnoll boudas (D:6)
  Jessica (D:3)
  An iguana (D:4)
  Ijyb (D:3)
  41 orc wizards
  27 gnolls
  8 adders
  4 white imps
  A howler monkey simulacrum (D:8)
  5 ufetubi
  2 worms
  3 dart slugs
  82 orcs
  10 endoplasms
  3 giant cockroaches
  7 hobgoblins
  4 jackals (D:4)
  4 quokkas
  10 ball pythons
  8 bats
  4 frilled lizards (D:1)
  10 goblins
  5 kobolds
  4 rats
  A butterfly (Lair:4)
558 creatures vanquished.

Vanquished Creatures (collateral kills)
  69 foxfires
69 creatures vanquished.

Vanquished Creatures (others)
  A shadow (D:10)
  A hell rat (Lair:3)
  2488 foxfires
2490 creatures vanquished.

Grand Total: 3117 creatures vanquished

Notes
Turn   | Place    | Note
-------+----------+-------------------------------------------
     0 | D:1      | Essalna the Gargoyle Fire Elementalist began the quest for
                  | the Orb.
     0 | D:1      | Reached XP level 1. HP: 10/10 MP: 3/3
   197 | D:1      | Reached XP level 2. HP: 16/16 MP: 1/5
   362 | D:1      | Reached skill level 1 in Fighting
   847 | D:1      | Reached XP level 3. HP: 20/20 MP: 0/6
   934 | D:1      | Learned a level 2 spell: Scorch
  1651 | D:2      | Reached skill level 2 in Fighting
  1651 | D:2      | Reached XP level 4. HP: 22/26 MP: 7/7
  1675 | D:2      | Found a burning altar of Makhleb.
  1705 | D:2      | Noticed an ogre
  1717 | D:2      | Killed an ogre
  1718 | D:2      | Reached XP level 5. HP: 32/32 MP: 1/8
  2197 | D:2      | Reached skill level 3 in Fighting
  2483 | D:3      | Noticed Jessica
  2487 | D:3      | Killed Jessica
  2608 | D:3      | Found an ancient bone altar of Kikubaaqudgha.
  2662 | D:3      | Found a broken altar of Ashenzari.
  2826 | D:3      | Identified the +5 scale mail of the Iron City of Dis
                  | {Rampage Int+2}
  3033 | D:3      | Noticed Ijyb
  3040 | D:3      | Killed Ijyb
  3239 | D:4      | Reached XP level 6. HP: 33/37 MP: 9/9
  3778 | D:4      | Reached skill level 4 in Fighting
  3859 | D:4      | Reached skill level 5 in Fire Magic
  3859 | D:4      | Reached XP level 7. HP: 43/43 MP: 4/10
  4632 | D:5      | Entered Level 5 of the Dungeon
  4759 | D:5      | Found a basalt altar of Yredelemnul.
  4868 | D:5      | Reached skill level 5 in Conjurations
  4876 | D:5      | Reached skill level 5 in Fighting
  4959 | D:5      | Found a hide-covered altar of Uskayaw.
  5119 | D:5      | Reached XP level 8. HP: 50/50 MP: 3/11
  5489 | D:6      | Noticed Dowan
  5491 | D:6      | Noticed Duvessa
  5776 | D:6      | Reached skill level 6 in Fighting
  6635 | D:6      | Learned a level 4 spell: Flame Wave
  6768 | D:6      | Reached XP level 9. HP: 56/56 MP: 6/12
  6771 | D:6      | Reached skill level 7 in Fighting
  6823 | D:6      | Killed Duvessa
  6919 | D:6      | Killed Dowan
  7148 | D:6      | Found a runed translucent door.
  7149 | D:6      | Noticed Iter's ghost (novice MiFi)
  7273 | D:6      | Got Dispater's Lectures on the Valley
  7280 | D:6      | Learned a level 5 spell: Borgnjor's Vile Clutch
  7820 | D:7      | Found a bloodstained altar of Trog.
  8084 | D:7      | Found a staircase to the Ecumenical Temple.
  8093 | Temple   | Entered the Ecumenical Temple
  8109 | Temple   | Became a worshipper of Vehumet
  8185 | Temple   | Reached skill level 1 in Necromancy
  8693 | D:7      | Found a runed translucent door.
  8694 | D:7      | Noticed Crazy Yiuf
  8699 | D:7      | Killed Crazy Yiuf
  8825 | D:7      | Reached skill level 8 in Fighting
  9255 | D:8      | Noticed a polar bear
  9364 | D:8      | Found Poheqol's Weapon Emporium.
  9402 | D:8      | Noticed a death yak
  9464 | D:8      | Killed a polar bear
  9571 | D:8      | Reached * piety under Vehumet
  9571 | D:8      | Offered knowledge of Sandblast by Vehumet.
  9572 | D:8      | Reached XP level 10. HP: 65/65 MP: 2/13
  9797 | D:8      | Reached skill level 9 in Fighting
 10267 | D:8      | Found Doduol's Weapon Shop.
 10565 | D:8      | Found Ocuuj's Antique Armour Boutique.
 10570 | D:8      | Bought a pair of pitted gloves for 237 gold pieces
 10570 | D:8      | Identified the +2 pair of gloves of the Nexus {Will+} (You
                  | bought it in a shop on level 8 of the Dungeon)
 10652 | D:8      | Killed a death yak
 10675 | D:9      | Noticed Erolcha
 10692 | D:9      | Found a flagged portal.
 10721 | Bailey   | Entered a bailey
 10883 | Bailey   | Offered knowledge of Kiss of Death by Vehumet.
 10926 | Bailey   | Reached ** piety under Vehumet
 11330 | Bailey   | Noticed an orc knight
 11517 | Bailey   | Killed an orc knight
 11518 | Bailey   | Reached skill level 10 in Fighting
 11518 | Bailey   | Reached skill level 5 in Necromancy
 11787 | Bailey   | Identified the +1 pair of gloves of the Sky {Slay+2 Stlth+}
 11850 | D:9      | Killed Erolcha
 11851 | D:9      | Reached XP level 11. HP: 73/73 MP: 5/14
 11870 | D:10     | Entered Level 10 of the Dungeon
 12125 | D:10     | Noticed a two-headed ogre
 12137 | D:10     | Killed a two-headed ogre
 12680 | D:9      | Reached skill level 11 in Fighting
 12829 | D:9      | Found a transporter.
 12829 | D:9      | Noticed MrShunz's ghost (novice MiBe)
 12834 | D:9      | Found a transporter.
 13353 | D:9      | Offered knowledge of Ignite Poison by Vehumet.
 13751 | D:10     | Reached skill level 1 in Armour
 13758 | D:10     | Reached skill level 5 in Earth Magic
 13824 | D:10     | Found a staircase to the Orcish Mines.
 13930 | D:10     | Found a staircase to the Lair.
 13950 | D:10     | Reached *** piety under Vehumet
 14021 | D:10     | Noticed a two-headed ogre
 14028 | D:10     | Killed a two-headed ogre
 14553 | Orc:1    | Entered Level 1 of the Orcish Mines
 14752 | Orc:1    | Offered knowledge of Sticky Flame by Vehumet.
 15025 | Orc:1    | Noticed an orc sorcerer
 15128 | Orc:1    | Killed an orc sorcerer
 15221 | Orc:1    | Noticed Maurice
 15300 | Orc:1    | Reached **** piety under Vehumet
 15397 | Orc:1    | Reached XP level 12. HP: 78/80 MP: 5/15
 15398 | Orc:1    | Killed Maurice
 15404 | Orc:1    | Offered knowledge of Lee's Rapid Deconstruction by Vehumet.
 16107 | Orc:2    | Entered Level 2 of the Orcish Mines
 16144 | Orc:2    | Noticed a two-headed ogre
 16176 | Orc:1    | Killed a two-headed ogre
 16349 | Orc:2    | Noticed a sun demon
 16422 | Orc:2    | Noticed a sun demon
 16889 | Orc:2    | Reached skill level 12 in Fighting
 16938 | Orc:2    | Noticed an orc high priest
 16944 | Orc:2    | Killed an orc high priest
 17200 | Orc:2    | Reached ***** piety under Vehumet
 17206 | Orc:2    | Offered knowledge of Ozocubu's Refrigeration by Vehumet.
 17367 | Orc:2    | Noticed an ettin
 17506 | Orc:2    | Noticed a soul eater
 17722 | Orc:2    | Killed an ettin
 17982 | Orc:2    | Found Onkiul's Assorted Antiques.
 17982 | Orc:2    | Found Wouderr's Distillery.
 17983 | Orc:2    | Found Bantat's Weapon Shop.
 17987 | Orc:2    | Found Moots's Antique Weapon Shop.
 18002 | Orc:2    | Reached skill level 5 in Armour
 18155 | Orc:2    | Found Sethroemu's Distillery.
 18446 | Orc:2    | Found a staircase to the Elven Halls.
 18755 | Lair:1   | Entered Level 1 of the Lair of Beasts
 18755 | Lair:1   | Found a transporter.
 18755 | Lair:1   | Found a transporter.
 19095 | Lair:1   | Noticed a boulder beetle
 19658 | Lair:1   | Reached XP level 13. HP: 87/87 MP: 12/19
 20540 | Lair:2   | Reached skill level 1 in Shields
 20684 | Lair:2   | Found a staircase to the Snake Pit.
 21211 | Lair:2   | Offered knowledge of Arcjolt by Vehumet.
 21371 | Lair:2   | Reached skill level 5 in Dodging
 22973 | Lair:4   | Reached skill level 13 in Fighting
 23339 | Lair:4   | Found a viscous altar of Jiyva.
 23339 | Lair:4   | Found a staircase to the Slime Pits.
 24127 | Lair:3   | Gained mutation: Your large and strong wings let you fly.
                  | [Gargoyle growth]
 24127 | Lair:3   | Reached XP level 14. HP: 80/94 MP: 13/20
 24234 | Lair:3   | Identified the +8 falchion of the Enchanted Forest {flame,
                  | Stlth+}
 24680 | Lair:3   | Found a staircase to the Shoals.
 25364 | Lair:4   | Reached skill level 10 in Earth Magic
 25496 | Lair:4   | Found a transporter.
 25498 | Lair:4   | Found a transporter.
 25533 | Lair:4   | Noticed Conn's ghost (journeyman OpFE)
 25687 | Lair:5   | Entered Level 5 of the Lair of Beasts
 25950 | Lair:5   | Reached skill level 14 in Fighting
 26110 | Lair:5   | Noticed an azure jelly
 26118 | Lair:5   | Noticed a quicksilver ooze
 26119 | Lair:5   | Noticed an azure jelly
 26120 | Lair:5   | Killed an azure jelly
 26123 | Lair:5   | Noticed an azure jelly
 26150 | Lair:5   | Noticed an azure jelly
 26151 | Lair:5   | Noticed a quicksilver ooze
 26173 | Lair:4   | Killed an azure jelly
 26173 | Lair:4   | Offered knowledge of Freezing Cloud by Vehumet.
 26278 | Lair:5   | Noticed Nessos
 26375 | Lair:5   | Noticed a quicksilver ooze
 26390 | Lair:4   | Killed a quicksilver ooze
 26464 | Lair:5   | Noticed an azure jelly
 26476 | Lair:5   | Slain by an azure jelly

Illustrated notes

Levels and vault maps discovered:
D:1:      saegor_arrival_simple_d, layout_loops_cross, serial_bayou,
          serial_bayou_shore_b, serial_bayou_pond_c, serial_bayou_pond_e,
          serial_bayou_shore_a, serial_bayou_crossing, serial_bayou_lagoon_a,
          hangedman_decor_lopped
D:2:      layout_loops_ring, basic_altar
D:3:      layout_rooms, mainiacjoe_overflow_24_doors,
          nicolae_kikubaaqudgha_miasma_corner, demons_altar, uniq_jessica,
          uniq_ijyb
D:4:      layout_gridville, grunt_ministairs_9
D:5:      layout_rooms, eat_drink_and_be_merry_uskayaw,
          mainiacjoe_overflow_boulevard
D:6:      layout_gridville, ebering_ghost_inner_flame, uniq_duvessa
D:7:      layout_loops_ring, trog_three_pillars_becter,
          minmay_temple_entry_wispy, kennysheep_path_1, uniq_crazy_yiuf_cottage
D:8:      layout_basic, serial_ice, serial_ice_e, serial_ice_g, serial_ice_k,
          serial_ice_n, serial_ice_f, serial_ice_m, serial_ice_c, serial_ice_b,
          serial_shops, nicolae_shop_hallway_plus, shop, kennysheep_little_box,
          chequers_garden
D:9:      layout_loops_cross, gammafunk_ghost_hive, enter_bailey_5, uniq_erolcha
D:10:     layout_basic, hellmonk_lair_entry_icy, minmay_orc_entry_guard_dogs
Temple:   regret_index_temple_sphere_string
Lair:1:   gammafunk_boulding_lane, layout_small_grid, serial_bayou,
          serial_bayou_lagoon_b, serial_bayou_pond_c, serial_bayou_pond_c,
          serial_bayou_shore_b
Lair:2:   layout_chaotic_city, dummy_snake_entry, serial_forest,
          infiniplex_forest_lined_2, infiniplex_forest_clump_small,
          infiniplex_forest_clump_long, infiniplex_forest_straight_3,
          infiniplex_forest_clump_small, infiniplex_forest_lined_room_2,
          infiniplex_forest_end_double, infiniplex_forest_clump_medium,
          infiniplex_forest_corner_2, disabler_island
Lair:3:   cheibrodos_magma_flow, layout_cave_pods, minmay_shoals_entry_beasts,
          fungi_pond_lemuel, pdpol_lair_neglected_garden,
          chequers_serial_rivers_small_b, cheibrodos_lair_caveside_slide,
          hangedman_lair_generics_rect
Lair:4:   layout_long_grid, nicolae_slime_entry_slimehenge, nzn_ghost_randoct,
          lemuel_fruit_fields, infiniplex_staircase_pool_2, lemuel_fruit_tree
Lair:5:   guppyfry_lair_end_dragon, layout_gridlike,
          hangedman_lair_tendril_chambers, special_room [special_room_jelly],
          worms_lemuel, uniq_nessos
Orc:1:    layout_caves, guppyfry_library_mini, uniq_maurice
Orc:2:    st_orc_mages, layout_caves, serial_shops, nicolae_shop_stone

Skill      XL: |  1  2  3  4  5  6  7  8  9 10 11 12 13 14 |
---------------+-------------------------------------------+-----
Fighting       | 1 2 3 4 5 6 8 10 11 12 13 14 | 14.2
Conjurations   | 2 3 4 5 6 7 |  7.3
Fire Magic     | 4 5 7 8 9 |  9.8
Necromancy     | 3 5 6 7 8 9 |  9.3
Earth Magic    | 2 6 7 9 10 | 10.8
Armour         | 3 5 7 8 |  8.0
Dodging        | 3 4 5 7 |  7.1
Spellcasting   | 4 |  4.1
Stealth        | 3 4 |  4.0
Shields        | 4 |  4.0

Action                     |  1- 3 |  4- 6 |  7- 9 | 10-12 | 13-15 || total
---------------------------+-------+-------+-------+-------+-------++-------
  Melee: Unarmed           |    26 |       |       |       |       ||    26
         Dagger            |    30 |    59 |   136 |   287 |   250 ||   762
         Punch             |     1 |     1 |     4 |     4 |       ||    10
   Cast: Foxfire           |    76 |    79 |   209 |   771 |   324 ||  1459
         Scorch            |       |    11 |    58 |    82 |    92 ||   243
         Flame Wave        |       |       |     4 |    23 |    33 ||    60
         Borgnjor's Vile C |       |       |       |       |    23 ||    23
  Evoke: Wand              |       |       |       |    20 |     4 ||    24
    Use: Scroll            |       |     5 |     5 |     3 |     2 ||    15
         Potion            |       |       |     1 |     1 |       ||     2
   Stab: Sleeping          |     1 |     2 |       |     1 |       ||     4
         Paralysed         |       |       |       |    26 |       ||    26
 Armour: Robe              |    24 |    26 |    66 |   111 |       ||   227
         Troll leather arm |       |       |       |    86 |   235 ||   321
  Dodge: Dodged            |    37 |    35 |   256 |   595 |   650 ||  1573
  Block: Buckler           |       |       |       |    12 |   215 ||   227

Table legend: (Time is in decaauts)
 A = Elapsed time spent in this place.
 B = Non-inter-level travel time spent in this place.
 C = Inter-level travel time spent in this place.
 D = Time resting spent in this place.
 E = Time spent auto-exploring this place.
 F = Levels seen in this place.
 G = Mean time per level.
                   A        B        C        D        E       F      G
               +--------+--------+--------+--------+--------+-----+--------+
         Total |  26619 |  25091 |   1528 |   2603 |  17403 |  19 | 1401.0 |
       Dungeon |  13675 |  12733 |    942 |    832 |   9777 |  10 | 1367.5 |
        Temple |    146 |    116 |     30 |     76 |      0 |   1 |  146.0 |
          Lair |   7781 |   7349 |    432 |    575 |   5049 |   5 | 1556.2 |
  Orcish Mines |   3886 |   3762 |    124 |   1120 |   1795 |   2 | 1943.0 |
        Bailey |   1129 |   1129 |      0 |      0 |    781 |   1 | 1129.0 |
               +--------+--------+--------+--------+--------+-----+--------+

Top non-repeatable levels by time:
   Orc:1: 2505 daAuts
  Lair:3: 2364 daAuts
  Lair:4: 1915 daAuts
    D:10: 1864 daAuts
  Lair:1: 1810 daAuts
     D:6: 1737 daAuts
     D:1: 1569 daAuts
  Lair:2: 1532 daAuts
     D:7: 1486 daAuts
     D:4: 1415 daAuts
     D:5: 1387 daAuts
   Orc:2: 1381 daAuts
     D:8: 1356 daAuts
     D:9: 1184 daAuts
  Bailey: 1129 daAuts
